 Dungeon Crawl Stone Soup version 0.18-a0-1639-g7533f42 (webtiles) character file.

970 Espgualade the Skirmisher (level 8, 1/51 HPs)
             Began as a Tengu Ice Elementalist on Mar 27, 2016.
             Was an Initiate of Vehumet.
             Quit the game on level 5 of the Dungeon.
             The game lasted 00:15:30 (4997 turns).

Espgualade the Skirmisher (Tengu Ice Elementalist)  Turns: 4997, Time: 00:15:31

Health: 1/51       AC: 11    Str: 15    XL:     8   Next: 16%
Magic:  11/16      EV: 15    Int: 19    God:    Vehumet [......]
Gold:   211        SH:  0    Dex: 14    Spells: 5 memorised, 2 levels left

rFire  . . .     SeeInvis .     e - +12 quarterstaff of Zikhuen {vamp, MR- Str+7 Int+2 Dex-2}
rCold  . . .     Gourm    .     a - +1 robe
rNeg   . . .     Faith    .     (shield currently unavailable)
rPois  .         Spirit   .     (helmet restricted)
rElec  .         Dismiss  .     (no cloak)
rCorr  .         Reflect  .     (no gloves)
SustAt .         Harm     .     (boots unavailable)
MR     .....                    (no amulet)
Stlth  ++........               (no ring)
                                d - +3 ring of protection

@: lethally poisoned (1 -> -17), icy armour, very slightly contaminated, slow,
not resistant to hostile enchantments, unstealthy
A: beak, talons 3, able to fly 1
a: Fly, Renounce Religion


You were on level 5 of the Dungeon.
You worshipped Vehumet.
Vehumet was noncommittal.
You were hungry.

You visited 1 branch of the dungeon, and saw 5 of its levels.

You collected 211 gold pieces.

Inventory:

Hand Weapons
 e - the +12 quarterstaff of Zikhuen (weapon) {vamp, MR- Str+7 Int+2 Dex-2}
   (You took it off an orc wizard on level 4 of the Dungeon)

   It inflicts no extra harm, but heals its wielder somewhat when it strikes a
   living foe.
   It affects your strength (+7).
   It affects your intelligence (+2).
   It affects your dexterity (-2).
   It affects your resistance to hostile enchantments.
 n - a +1 dagger of protection
 o - the +9 spear of Judgement {pain, rF+ MR+ Str-3, unknown}
   (You found it on level 5 of the Dungeon)

   In the hands of one skilled in necromantic magic, it inflicts extra damage on
   living creatures.
   It affects your strength (-3).
   It protects you from fire.
   It affects your resistance to hostile enchantments.
Armour
 a - a +1 robe (worn)
Jewellery
 d - a +3 ring of protection (left hand)
Wands
 h - a wand of slowing (17/48)
 t - a wand of enslavement (14/24)
Scrolls
 g - 4 scrolls of remove curse
 i - a scroll of enchant armour
 j - 2 scrolls of teleportation
Potions
 k - a potion of ambrosia
 s - a potion of flight
 u - a potion of mutation
 x - a potion of resistance
Books
 b - a book of Frost

   Spells                             Type                      Level
   a - Freeze                         Ice                          1
   b - Throw Frost                    Conjuration/Ice              2
   c - Ozocubu's Armour               Charms/Ice                   3
   d - Throw Icicle                   Conjuration/Ice              4
   e - Summon Ice Beast               Ice/Summoning                4
Comestibles
 c - 3 bread rations
 f - 3 beef jerkies
 l - a slice of pizza


   Skills:
 - Level 6.0 Fighting
 - Level 5.5 Dodging
 - Level 2.0 Stealth
 + Level 4.8 Spellcasting
 - Level 1.3 Conjurations
 - Level 2.6 Ice Magic


You had 2 spell levels left.
You knew the following spells:

 Your Spells              Type           Power        Failure   Level  Hunger
a - Freeze                Ice            ##..         6%          1    None
b - Throw Frost           Conj/Ice       ##....       10%         2    #......
c - Ozocubu's Armour      Chrm/Ice       #.......     21%         3    ##.....
d - Throw Icicle          Conj/Ice       ##......     63%         4    ####...
e - Summon Ice Beast      Ice/Summ       #.......     75%         4    ####...


Dungeon Overview and Level Annotations

Branches:
Dungeon (5/15)
 Temple: D:4-7

Altars:
Qazlal
Trog
Vehumet
Yredelemnul
The Shining One

Annotations:
D:3 Natasha


Innate Abilities, Weirdness & Mutations

You have a beak for a mouth.
You have claws for feet.
You can fly.


Message History

Casting: Ozocubu's Armour
Confirm with . or Enter, or press ? or * to list all spells.
Aiming: Throw Frost
Press: ? - help, Shift-Dir - straight line, f - orc warrior
Aim: an orc warrior, wielding a battleaxe of venom and wearing a chain mail (heavily wounded)
You miscast Throw Frost.
Nothing appears to happen.
* * * LOW HITPOINT WARNING * * *
You feel sick.
Casting: Throw Frost
Confirm with . or Enter, or press ? or * to list all spells.
Aiming: Throw Frost
Press: ? - help, Shift-Dir - straight line, f/p - orc warrior
Aim: an orc warrior, wielding a battleaxe of venom and wearing a chain mail (heavily wounded)
The puff of frost misses the orc warrior.
* * * LOW HITPOINT WARNING * * *
You feel sick.
Evoke which item? (* to show all) (? for menu, Esc to quit)
Okay, then.
Unknown command.
Are you sure you want to abandon this character and quit the game? (Confirm with "yes".)

##.......##.## #. .#
#.########..# #.##.# .# ##'##
##.# #.##.##.# #...##
#.#########.......# .....##
#.##.........#.... ......#
##.#...#...#.....## .......#
##.....###.###.....###o.
.......+.........#...#.......o.o.
.......####...#.@.._o.oo....###..
......## #...#..#...#...#..#
.....## #......###.###.##..#
#...## ........#...#..##.... #+##
##..............###.###
##.......####### #.# ##.##### #.#
#. .#


You could see an orc warrior and 2 orcs.

Vanquished Creatures
  A phantom (D:4)
  An ogre (D:4)
  3 scorpions (D:4)
  2 orc priests (D:4)
  A hound (D:5)
  9 orc wizards
  Jessica (D:3)
  2 iguanas (D:4)
  Natasha (D:3)
  2 worker ants (D:4)
  11 adders
  An adder skeleton (D:4)
  2 worms
  A dart slug (D:2)
  2 giant geckos
  9 orcs
  5 giant cockroaches
  8 goblins
  4 hobgoblins
  3 quokkas
  3 ball pythons
  10 bats
  3 giant newts
  9 kobolds
  7 rats
101 creatures vanquished.

Vanquished Creatures (others)
  An orc priest (D:4)
  7 fungi (D:4)
8 creatures vanquished.

Grand Total: 109 creatures vanquished

Notes
Turn   | Place    | Note
--------------------------------------------------------------
     0 | D:1      | Espgualade the Tengu Ice Elementalist began the quest for the Orb.
     0 | D:1      | Reached XP level 1. HP: 10/10 MP: 4/4
   180 | D:1      | Reached skill level 1 in Fighting
   202 | D:1      | Reached XP level 2. HP: 4/16 MP: 0/6
   537 | D:1      | Reached skill level 2 in Fighting
   651 | D:1      | Learned a level 2 spell: Throw Frost
  1079 | D:2      | Reached XP level 3. HP: 22/22 MP: 4/7
  1153 | D:2      | Reached skill level 3 in Fighting
  1290 | D:2      | Found a glowing golden altar of the Shining One.
  1697 | D:2      | Reached XP level 4. HP: 28/28 MP: 5/8
  2165 | D:2      | Learned a level 3 spell: Ozocubu's Armour
  2324 | D:3      | Noticed Natasha
  2339 | D:3      | Killed Natasha
  2339 | D:3      | Reached skill level 4 in Fighting
  2448 | D:3      | Noticed Natasha
  2604 | D:3      | Gained mutation: You can fly. [Tengu growth]
  2604 | D:3      | Reached XP level 5. HP: 31/34 MP: 5/9
  2878 | D:3      | Noticed Jessica
  2894 | D:3      | Killed Jessica
  2967 | D:3      | Reached skill level 5 in Fighting
  3112 | D:3      | Reached XP level 6. HP: 36/40 MP: 7/10
  3324 | D:4      | Reached skill level 6 in Fighting
  3751 | D:4      | Reached XP level 7. HP: 42/46 MP: 3/12
  4219 | D:4      | Found a stormy altar of Qazlal.
  4227 | D:4      | Got a translucent quarterstaff {vamp}
  4231 | D:4      | Identified the +12 quarterstaff of Zikhuen {vamp, MR- Str+7 Int+2 Dex-2} (You took it off an orc wizard on level 4 of the Dungeon)
  4375 | D:4      | Found a basalt altar of Yredelemnul.
  4551 | D:4      | Found a bloodstained altar of Trog.
  4639 | D:4      | Reached skill level 5 in Dodging
  4728 | D:4      | Reached XP level 8. HP: 49/51 MP: 15/15
  4861 | D:4      | Learned a level 4 spell: Throw Icicle
  4866 | D:4      | Learned a level 4 spell: Summon Ice Beast
  4867 | D:5      | Entered Level 5 of the Dungeon
  4957 | D:5      | Found a radiant altar of Vehumet.
  4970 | D:5      | Became a worshipper of Vehumet
  4979 | D:5      | Got a translucent spear
  4996 | D:5      | HP: 1/51 [poisoned by an orc warrior]
  4997 | D:5      | Quit the game

Vault maps used:
D:1:      sevenhm_arrival_forest_fort_small_4
D:2:      nicolae_tso_carved_into_rock, first_bread
D:3:      kennysheep_jessica_study, uniq_natasha
D:4:      old_forge, yredelemnul_altar_generic, kennysheep_mini,
          lemuel_round_altar
D:5:      grunt_temple_overflow_gold_and_silver, vehumet_crystals,
          overflow_temple_1_default

Skill      XL: |  1  2  3  4  5  6  7 |
---------------+----------------------+-----
Fighting       | 1 2 3 4 5 6 |  6.0
Dodging        | 3 5 |  5.5
Spellcasting   | 4 |  4.8
Stealth        | |  2.0
Conjurations   | |  1.3
Ice Magic      | |  2.6

Action                   |  1- 3 |  4- 6 |  7- 9 || total
-------------------------+-------+-------+-------++-------
Melee: Unarmed           |     1 |       |       ||     1
       Dagger            |    46 |    87 |    25 ||   158
       Quarterstaff      |       |       |    35 ||    35
 Cast: Freeze            |    44 |    74 |    43 ||   161
       Throw Frost       |       |     1 |     4 ||     5
       Ozocubu's Armour  |       |     1 |     2 ||     3
 Abil: Fly               |       |       |     1 ||     1
Evoke: Wand              |       |       |     3 ||     3
  Use: Potion            |       |     1 |     4 ||     5
       Scroll            |       |    15 |     1 ||    16
 Stab: Sleeping          |       |     2 |     3 ||     5
       Invisible         |       |       |     1 ||     1
  Eat: Chunk             |     3 |     7 |     1 ||    11
       Bread ration      |       |       |     2 ||     2
